 Dungeon Sprint DCSS version 0.28-a0-1412-gf95308ed99 (webtiles) character file.

Game seed: 14539119332715107172

303 brmiller01 the Spear-Bearer (level 6, -4/63 HPs)
             Began as a Minotaur Berserker on Jan 6, 2022.
             Was a Believer of Trog.
             Shot with an arrow by a centaur warrior (18 damage)
             ... in the Dungeon (Sprint I: "Red Sonja").
             The game lasted 00:01:13 (415 turns).

brmiller01 the Spear-Bearer (Minotaur Berserker)     Turns: 415, Time: 00:01:15

Health: -4/63      AC:  9    Str: 24    XL:     6   Next: 15%
Magic:  5/5        EV: 11    Int:  4    God:    Trog [**....]
Gold:   179        SH:  0    Dex:  9    Spells: 5/5 levels left

rFire   . . .      SeeInvis .   b - +0 scythe
rCold   . . .      Faith    .   (shield currently unavailable)
rNeg    . . .      Spirit   .   j - +3 ring mail {rPois}
rPois   +          Reflect  .   (helmet restricted)
rElec   .          Harm     .   (no cloak)
rCorr   .          Rampage  .   (no gloves)
Will    .....      NoTele   +   (no boots)
Stlth   ..........              (no amulet)
HPRegen 0.20/turn               (no ring)
MPRegen 0.09/turn               (no ring)

@: no status effects
A: horns 2, retaliatory headbutt
a: Renounce Religion, Berserk, Trog's Hand


You were in the Dungeon.
You worshipped Trog.
Trog was pleased with you.
You visited 1 branch You collected 179 gold pieces.

Inventory:

Hand Weapons
 b - a +0 scythe (weapon)
Armour
 j - a +3 ring mail of poison resistance (worn)
Wands
 i - a wand of digging (4)
Scrolls
 a - a scroll of enchant weapon {unknown}
 h - a scroll of blinking
Potions
 c - a potion of curing
 d - a potion of heal wounds
 e - a potion of haste
 f - 2 potions of magic
 g - a potion of berserk rage


   Skills:
 + Level 9.0 Fighting
 * Level 11.2 Polearms
 + Level 7.6 Armour
 - Level 3.0 Dodging


You had 5 spell levels left.
You didn't know any spells.
Your spell library was empty.

Dungeon Overview and Level Annotations

Branches:
Dungeon (1/1)

Altars:
Sif Muna
Vehumet
Wu Jian


Innate Abilities, Weirdness & Mutations

You have a pair of horns on your head.
You reflexively headbutt those who attack you in melee.


Message History

Okay, then.
b - a +0 scythe (weapon)
Drop what? 10/52 slots (_ for help) (? for menu, Esc to quit)
You drop a +0 spear.
There is an open door here.
You open the door.
Found two altars.
A jelly comes into view.
The jelly moves out of view.
There is an open door here.
Found a radiant altar of Vehumet.
You see here 17 gold pieces.
You reach to attack!
You slice the jelly!!
You kill the jelly!
Trog accepts your kill.
Your Fighting skill increases to level 9!
Your Polearms skill increases to level 11!
No target in view!
No target in view!
No target in view!
You now have 179 gold pieces (gained 17).
a - a scroll labelled XASMOCKOUPO You open the door. 2 centaur warriors come into view.
The centaur warrior shouts!
The centaur warrior moves out of view.
The centaur warrior shouts!
The centaur warrior wields a +0 longbow.
The centaur warrior shoots an arrow.
The arrow closely misses you.
There is an open door here.
As you close the door, it creaks loudly!
A centaur warrior breaks down the door.
You reach to attack!
You slash the centaur warrior!
The centaur warrior is moderately wounded.
The centaur warrior shoots an arrow.
The arrow hits you!!
The centaur warrior wields a +0 shortbow.
The centaur warrior shoots an arrow.
The arrow hits you!!
* * * LOW HITPOINT WARNING * * *
The centaur warrior shoots an arrow.
The arrow hits you!!
You die...

################
#<.#..)..#.)'..#
#..'[.#..'..#..+
#..#####'#####'#
# #..# #..#
#.####$§# #..#
#### ##@#§§§§c#
#..# #§.§c§≈§§
#⌠⌠#
+..._#c≈≈§.#
####
#_.#+##+#### ##+


You could see 2 centaur warriors.

Vanquished Creatures
  Sigmund (D)
  An ogre (D)
  A jelly (D)
  Ijyb (D)
4 creatures vanquished.

Notes
Turn   | Place    | Note
-------+----------+-------------------------------------------
     0 | D        | brmiller01 the Minotaur Berserker began the quest for the
                  | Orb.
     0 | D        | Reached XP level 1. HP: 19/19 MP: 0/0
     1 | D        | Noticed Ijyb
    14 | D        | Killed Ijyb
    15 | D        | Reached skill level 5 in Fighting
    15 | D        | Reached skill level 5 in Polearms
    15 | D        | Reached XP level 2. HP: 4/30 MP: 1/1
   274 | D        | Noticed an ogre
   278 | D        | Killed an ogre
   279 | D        | Reached skill level 8 in Polearms
   279 | D        | Reached skill level 5 in Armour
   279 | D        | Reached XP level 3. HP: 39/39 MP: 2/2
   279 | D        | Reached XP level 4. HP: 47/47 MP: 3/3
   307 | D        | Noticed Sigmund
   330 | D        | Killed Sigmund
   330 | D        | Reached ** piety under Trog
   331 | D        | Reached skill level 10 in Polearms
   331 | D        | Reached XP level 5. HP: 43/56 MP: 4/4
   331 | D        | Reached XP level 6. HP: 48/62 MP: 5/5
   402 | D        | Found an ornate altar of the Wu Jian Council.
   402 | D        | Found a shimmering blue altar of Sif Muna.
   404 | D        | Found a radiant altar of Vehumet.
   406 | D        | Reached skill level 11 in Polearms
   410 | D        | Noticed a centaur warrior
   410 | D        | Noticed a centaur warrior
   415 | D        | Shot with an arrow by a centaur warrior

Illustrated notes

Levels and vault maps discovered:
D:        dungeon_sprint_1 [red_sonja_temple_1, red_sonja_temple_small_1]

Skill      XL: |  1  2  3  4  5  6 |
---------------+-------------------+-----
Fighting       | 5 7 8 9 |  9.0
Polearms       | 5 8 10 11 | 11.2
Armour         | 3 5 7 |  7.6
Dodging        | 3 |  3.0

Action                   |  1- 3 |  4- 6 || total
-------------------------+-------+-------++-------
Melee: Spear             |    15 |    12 ||    27
       Headbutt          |     3 |     2 ||     5
       Scythe            |       |     2 ||     2
Invok: Berserk           |     1 |       ||     1
Armor: Ring mail         |       |     1 ||     1
Dodge: Dodged            |     7 |     8 ||    15

Table legend: (Time is in decaauts)
 A = Elapsed time spent in this place.
 B = Non-inter-level travel time spent in this place.
 C = Inter-level travel time spent in this place.
 D = Time resting spent in this place.
 E = Time spent auto-exploring this place.
 F = Levels seen in this place.
 G = Mean time per level.
                   A        B        C        D        E       F      G
               +--------+--------+--------+--------+--------+-----+--------+
         Total |    421 |    420 |      1 |    267 |     70 |   1 |  421.0 |
       Dungeon |    421 |    420 |      1 |    267 |     70 |   1 |  421.0 |
               +--------+--------+--------+--------+--------+-----+--------+

Top non-repeatable levels by time:
       D: 421 daAuts
